AA - U28
NORTHWEST ARKANSAS NATURALS @ CORPUS CHRISTI HOOKS
08/13/2052
 
TOP OF THE 1ST
Mississippi Braves batting - Pitching for Tennessee Smokies : LHP LeRoy Malone
Pitching: LHP LeRoy Malone
Batting: RHB Bobby Lutes 0-0: Ball
1-0: Foul Ball, location: 2F
1-1: Ball
2-1: Ball
3-1: Called Strike
3-2: Foul Ball, location: 2F
3-2: SINGLE (Line Drive, 8RS, EV 89.4 MPH)
Batting: LHB Robert Kingston 0-0: Called Strike
0-1: Ball
1-1: Foul Ball, location: 2F
Pickoff Throw to First - Out! 1-3
1-2: Strikes out swinging
Batting: LHB Oscar Pérez 0-0: Called Strike
0-1: Swinging Strike
0-2: Ball
1-2: Ball
2-2: Ball
3-2: Strikes out swinging
Top of the 1st over - 0 runs, 1 hit, 0 errors, 0 left on base; Mississippi 0 - Tennessee 0
BOTTOM OF THE 1ST
Tennessee Smokies batting - Pitching for Mississippi Braves : RHP Alex Vergara
Pitching: RHP Alex Vergara
Batting: RHB Jonathan Saunas 0-0: Ball
1-0: Ball
2-0: Ball
3-0: Base on Balls
Batting: LHB Alex Chavez 0-0: Ball
1-0: Called Strike
1-1: Ball
Jonathan Saunas steals 2nd base
2-1: Single, Error in OF, E7, batter to second base (Line Drive, 7S, EV 91.9 MPH)
Jonathan Saunas scores
Batting: RHB Lincoln Murphy 0-0: Called Strike
0-1: Called Strike
0-2: Ground out 4-3 (Groundball, 34D, EV 86.2 MPH)
Alex Chavez to third
Batting: RHB Tyndall Castle 0-0: Fly out, F8 (Line Drive, 8LD, EV 86.2 MPH)
Runner from 3rd tags up, SCORES, throw by CF
Batting: SHB Sloan Ginther 0-0: Ball
1-0: Swinging Strike
1-1: Ball
2-1: Ball
3-1: Base on Balls
Batting: LHB Jeffry Spurley 0-0: SINGLE (Groundball, 13, EV 88.8 MPH) (infield hit)
Sloan Ginther to second
Batting: SHB Dávid Vavro 0-0: Swinging Strike
0-1: Foul Ball, location: 2F
0-2: Strikes out looking
Bottom of the 1st over - 2 runs, 2 hits, 1 error, 2 left on base; Mississippi 0 - Tennessee 2
TOP OF THE 2ND
Mississippi Braves batting - Pitching for Tennessee Smokies : LHP LeRoy Malone
Batting: RHB Narcisso Huertos 0-0: Swinging Strike
0-1: Foul Ball, location: 2F
0-2: Fly out, F7 (Flyball, 8LS, EV 91.9 MPH)
Batting: RHB Ugo McFalls 0-0: Ball
1-0: Fly out, F3 (Popup, 3SF, EV 63.8 MPH)
Batting: RHB Ziggy Shedd 0-0: Ball
1-0: Called Strike
1-1: Called Strike
1-2: Foul Ball, location: 2F
1-2: Strikes out looking
Top of the 2nd over - 0 runs, 0 hits, 0 errors, 0 left on base; Mississippi 0 - Tennessee 2
BOTTOM OF THE 2ND
Tennessee Smokies batting - Pitching for Mississippi Braves : RHP Alex Vergara
Batting: RHB William Ventura 0-0: Ground out 5-3 (Groundball, 56S, EV 71.2 MPH)
Batting: RHB Adrián Quiroz 0-0: Called Strike
0-1: Called Strike
0-2: Ball
1-2: Ground out 4-3 (Groundball, 4, EV 79.4 MPH)
Batting: RHB Jonathan Saunas 0-0: Ball
1-0: Reached via error on a dropped throw from P, E3 (Groundball, P, EV 77.5 MPH)
Batting: LHB Alex Chavez 0-0: Ball
1-0: Ball
Jonathan Saunas steals 2nd base (no throw)
2-0: SINGLE (Line Drive, 8LS, EV 86.2 MPH)
Jonathan Saunas to third
Runner from 3rd tries for Home, SAFE, throw by CF to home
Batting: RHB Lincoln Murphy 0-0: Ball
1-0: Foul Ball, location: 2F
1-1: Foul Ball, location: 2F
1-2: Foul Ball, location: 2F
1-2: Foul Ball, location: 2F
1-2: Ball
2-2: Fly out, F7 (Flyball, 7, EV 86.9 MPH)
Bottom of the 2nd over - 1 run, 1 hit, 1 error, 1 left on base; Mississippi 0 - Tennessee 3
TOP OF THE 3RD
Mississippi Braves batting - Pitching for Tennessee Smokies : LHP LeRoy Malone
Batting: RHB Russ McDaniel 0-0: Called Strike
0-1: Fly out, F7 (Flyball, 7LD, EV 87.5 MPH)
Batting: LHB Julio Hinojosa 0-0: Ball
1-0: Ball
2-0: Fly out, F9 (Flyball, 89S, EV 87.5 MPH)
Batting: RHB Juan Cruz 0-0: Ball
1-0: Ground out 6-3 (Groundball, 6, EV 89.4 MPH)
Top of the 3rd over - 0 runs, 0 hits, 0 errors, 0 left on base; Mississippi 0 - Tennessee 3
BOTTOM OF THE 3RD
Tennessee Smokies batting - Pitching for Mississippi Braves : RHP Alex Vergara
Batting: RHB Tyndall Castle 0-0: Ball
1-0: SINGLE (Line Drive, 8RS, EV 91.9 MPH)
Batting: SHB Sloan Ginther 0-0: Called Strike
0-1: Ball
1-1: Called Strike
1-2: Fly out, F7 (Line Drive, 78M, EV 85.0 MPH)
Batting: LHB Jeffry Spurley 0-0: Ball
1-0: Called Strike
1-1: Called Strike
1-2: Foul Ball, location: 2F
1-2: Ball
2-2: Foul Ball, location: 2F
2-2: Ball
3-2: Foul Ball, location: 2F
3-2: Foul Ball, location: 2F
3-2: Fielders Choice at 2nd, 4-6 (Groundball, 4M, EV 88.8 MPH)
Batting: SHB Dávid Vavro 0-0: Called Strike
0-1: Ball
1-1: Swinging Strike
1-2: Ball
2-2: SINGLE (Line Drive, 78S, EV 105.0 MPH)
Jeffry Spurley to second
Batting: RHB William Ventura 0-0: Ball
1-0: Ball
2-0: DOUBLE (Line Drive, 3D, EV 95.0 MPH)
Jeffry Spurley scores
Dávid Vavro to third
Batting: RHB Adrián Quiroz 0-0: Ball
1-0: Called Strike
1-1: Ball
2-1: 3-RUN HOME RUN (Flyball, 7D, EV 97.5 MPH), Distance : 386 ft
Pitching: LHP Maximino Morales
Batting: RHB Jonathan Saunas 0-0: Ball
1-0: Called Strike
1-1: Called Strike
1-2: Strikes out swinging
Bottom of the 3rd over - 4 runs, 4 hits, 0 errors, 0 left on base; Mississippi 0 - Tennessee 7
TOP OF THE 4TH
Mississippi Braves batting - Pitching for Tennessee Smokies : LHP LeRoy Malone
Batting: RHB Bobby Lutes 0-0: Foul Ball, location: 2F
0-1: Swinging Strike
0-2: Foul Ball, location: 2F
0-2: Ball
1-2: Ground out 3-1 (Groundball, 34, EV 101.2 MPH)
Batting: LHB Robert Kingston 0-0: Ball
1-0: Ball
2-0: Called Strike
2-1: Ground out 4-3 (Groundball, 4S, EV 76.9 MPH)
Batting: LHB Oscar Pérez 0-0: Ball
1-0: Swinging Strike
1-1: Swinging Strike
1-2: Strikes out swinging
Top of the 4th over - 0 runs, 0 hits, 0 errors, 0 left on base; Mississippi 0 - Tennessee 7
BOTTOM OF THE 4TH
Tennessee Smokies batting - Pitching for Mississippi Braves : LHP Maximino Morales
Batting: LHB Alex Chavez 0-0: Ball
1-0: SINGLE (Flyball, 7LS, EV 86.2 MPH)
Batting: RHB Lincoln Murphy 0-0: Foul Ball, location: 2F
0-1: SINGLE (Groundball, 4D, EV 96.2 MPH)
Alex Chavez to second
Batting: RHB Tyndall Castle 0-0: Foul Ball, location: 2F
0-1: Ball
1-1: Ball
2-1: Ball
3-1: Base on Balls
Alex Chavez to third
Lincoln Murphy to second
Batting: SHB Sloan Ginther 0-0: Called Strike
0-1: Ball
1-1: Ball
2-1: Ball
3-1: Called Strike
3-2: Base on Balls
Alex Chavez scores
Lincoln Murphy to third
Tyndall Castle to second
Batting: LHB Jeffry Spurley 0-0: Ball
1-0: Foul Ball, location: 2F
1-1: Ball
Wild Pitch!
Lincoln Murphy scores
Tyndall Castle to third
Sloan Ginther to second
2-1: Ball
3-1: Foul Ball, location: 2F
3-2: Base on Balls
Batting: SHB Dávid Vavro 0-0: Called Strike
0-1: Called Strike
0-2: Ball
1-2: Fly out, F9 (Line Drive, 9, EV 111.9 MPH)
Runner from 3rd tags up, SCORES, throw by RF
Sloan Ginther to third
Batting: RHB William Ventura 0-0: Called Strike
0-1: Called Strike
0-2: Strikes out swinging
Batting: RHB Adrián Quiroz 0-0: Called Strike
0-1: Called Strike
0-2: Strikes out swinging
Bottom of the 4th over - 3 runs, 2 hits, 0 errors, 2 left on base; Mississippi 0 - Tennessee 10
TOP OF THE 5TH
Mississippi Braves batting - Pitching for Tennessee Smokies : LHP LeRoy Malone
Batting: RHB Narcisso Huertos 0-0: Called Strike
0-1: SINGLE (Groundball, 6D, EV 99.4 MPH)
Batting: RHB Ugo McFalls 0-0: Foul Ball, location: 2F
0-1: 2-RUN HOME RUN (Flyball, 7D, EV 96.2 MPH), Distance : 374 ft
Batting: RHB Ziggy Shedd 0-0: Ball
1-0: Foul Ball, location: 2F
1-1: Called Strike
1-2: Foul Ball, location: 2F
1-2: Ball
2-2: Foul Ball, location: 2F
2-2: Strikes out looking
Batting: RHB Russ McDaniel 0-0: Ball
1-0: Called Strike
1-1: Swinging Strike
1-2: Foul Ball, location: 2F
1-2: Strikes out swinging
Batting: LHB Julio Hinojosa 0-0: Ball
1-0: Ground out 6-3 (Groundball, 6, EV 86.9 MPH)
Top of the 5th over - 2 runs, 2 hits, 0 errors, 0 left on base; Mississippi 2 - Tennessee 10
BOTTOM OF THE 5TH
Tennessee Smokies batting - Pitching for Mississippi Braves : LHP Maximino Morales
Batting: RHB Jonathan Saunas 0-0: Ball
1-0: Ball
2-0: Ball
3-0: Base on Balls
Batting: LHB Alex Chavez 0-0: Grounds into double play, 6-4-3 (Groundball, 6, EV 85.6 MPH)
Batting: RHB Lincoln Murphy 0-0: Fly out, F8 (Flyball, 8RD, EV 95.6 MPH)
Bottom of the 5th over - 0 runs, 0 hits, 0 errors, 0 left on base; Mississippi 2 - Tennessee 10
TOP OF THE 6TH
Mississippi Braves batting - Pitching for Tennessee Smokies : LHP LeRoy Malone
Batting: RHB Juan Cruz 0-0: Swinging Strike
0-1: Foul Ball, location: 2F
0-2: Foul Ball, location: 2F
0-2: Ball
1-2: Strikes out swinging
Batting: RHB Bobby Lutes 0-0: Ball
1-0: Swinging Strike
1-1: Ball
2-1: Ground out U3 (Groundball, 34, EV 89.4 MPH)
Batting: LHB Robert Kingston 0-0: Ground out 4-3 (Groundball, 4, EV 85.0 MPH)
Top of the 6th over - 0 runs, 0 hits, 0 errors, 0 left on base; Mississippi 2 - Tennessee 10
BOTTOM OF THE 6TH
Tennessee Smokies batting - Pitching for Mississippi Braves : LHP Maximino Morales
Batting: RHB Tyndall Castle 0-0: Ball
1-0: Called Strike
1-1: Foul Ball, location: 2F
1-2: Foul Ball, location: 2F
1-2: Strikes out swinging
Batting: SHB Sloan Ginther 0-0: Ball
1-0: Foul Ball, location: 2F
1-1: Foul Ball, location: 2F
1-2: Foul Ball, location: 2F
1-2: Strikes out looking
Batting: LHB Jeffry Spurley 0-0: Ball
1-0: Foul Ball, location: 2F
1-1: Ball
2-1: Ball
3-1: SINGLE (Groundball, 6MS, EV 74.4 MPH) (infield hit)
Batting: SHB Dávid Vavro 0-0: Ball
1-0: Foul Ball, location: 2F
1-1: Called Strike
1-2: Foul Ball, location: 2F
1-2: Strikes out swinging
Bottom of the 6th over - 0 runs, 1 hit, 0 errors, 1 left on base; Mississippi 2 - Tennessee 10
TOP OF THE 7TH
Mississippi Braves batting - Pitching for Tennessee Smokies : LHP LeRoy Malone
Batting: LHB Oscar Pérez 0-0: Ball
1-0: Called Strike
1-1: Ball
2-1: Swinging Strike
2-2: Foul Ball, location: 2F
2-2: Ball
3-2: Base on Balls
Batting: RHB Narcisso Huertos 0-0: Called Strike
0-1: Swinging Strike
0-2: Fly out, F9 (Flyball, 89D, EV 101.2 MPH)
Batting: RHB Ugo McFalls 0-0: Foul Ball, location: 2F
0-1: Called Strike
0-2: Ball
1-2: Foul Ball, location: 2F
1-2: SINGLE (Groundball, 56D, EV 103.1 MPH)
Oscar Pérez to second
Pitching: LHP Juan Leos
Batting: RHB Ziggy Shedd 0-0: Ball
1-0: Ball
2-0: Ball
3-0: Called Strike
3-1: Foul Ball, location: 2F
3-2: Foul Ball, location: 2F
3-2: Foul Ball, location: 2F
3-2: Strikes out swinging
Batting: RHB Russ McDaniel 0-0: Ball
1-0: Ball
2-0: Called Strike
2-1: Foul Ball, location: 2F
2-2: DOUBLE (Flyball, 8LXD, EV 108.8 MPH)
Oscar Pérez scores
Ugo McFalls to third
Runner from 3rd tries for Home, SAFE, no throw by CF
Batting: LHB Julio Hinojosa 0-0: Called Strike
0-1: Foul Ball, location: 2F
0-2: Strikes out swinging
Top of the 7th over - 2 runs, 2 hits, 0 errors, 1 left on base; Mississippi 4 - Tennessee 10
BOTTOM OF THE 7TH
Tennessee Smokies batting - Pitching for Mississippi Braves : LHP Maximino Morales
Pitching: LHP Manny Arvizu
Batting: RHB William Ventura 0-0: Foul Ball, location: 2F
0-1: Swinging Strike
0-2: Foul Ball, location: 2F
0-2: Ball
1-2: Foul Ball, location: 2F
1-2: Ball
2-2: Foul Ball, location: 2F
2-2: Foul Ball, location: 2F
2-2: Ground out 1-3 (Groundball, 13, EV 73.8 MPH)
Batting: RHB Adrián Quiroz 0-0: Called Strike
0-1: Foul Ball, location: 2F
0-2: Ball
1-2: Ball
2-2: Strikes out swinging
Batting: RHB Jonathan Saunas 0-0: Swinging Strike
0-1: Swinging Strike
0-2: Foul Ball, location: 2F
0-2: Ball
1-2: Strikes out swinging
Bottom of the 7th over - 0 runs, 0 hits, 0 errors, 0 left on base; Mississippi 4 - Tennessee 10
TOP OF THE 8TH
Mississippi Braves batting - Pitching for Tennessee Smokies : LHP Juan Leos
Batting: RHB Juan Cruz 0-0: Foul Ball, location: 2F
0-1: Called Strike
0-2: Ball
1-2: Ball
2-2: Strikes out looking
Batting: RHB Bobby Lutes 0-0: Ball
1-0: Called Strike
1-1: Ball
2-1: Ball
3-1: Ground out 4-3 (Groundball, 4S, EV 63.1 MPH)
Batting: LHB Robert Kingston 0-0: Ball
1-0: Ball
2-0: Ground out 4-3 (Groundball, 4, EV 87.5 MPH)
Top of the 8th over - 0 runs, 0 hits, 0 errors, 0 left on base; Mississippi 4 - Tennessee 10
BOTTOM OF THE 8TH
Tennessee Smokies batting - Pitching for Mississippi Braves : LHP Manny Arvizu
Batting: LHB Alex Chavez 0-0: Swinging Strike
0-1: Called Strike
0-2: Ball
1-2: Strikes out swinging
Batting: RHB Lincoln Murphy 0-0: Foul Ball, location: 2F
0-1: Ball
1-1: Foul Ball, location: 2F
1-2: SINGLE (Groundball, 4D, EV 98.1 MPH)
Batting: RHB Tyndall Castle 0-0: Foul Ball, location: 2F
0-1: Called Strike
0-2: Foul Ball, location: 2F
0-2: Ball
1-2: Strikes out looking
Batting: SHB Sloan Ginther 0-0: Foul Ball, location: 2F
0-1: Called Strike
0-2: Strikes out swinging
Bottom of the 8th over - 0 runs, 1 hit, 0 errors, 1 left on base; Mississippi 4 - Tennessee 10
TOP OF THE 9TH
Mississippi Braves batting - Pitching for Tennessee Smokies : LHP Juan Leos
Batting: LHB Oscar Pérez 0-0: Fly out, F9 (Flyball, 89XD, EV 93.8 MPH)
Batting: RHB Narcisso Huertos 0-0: Ball
1-0: Ground out 6-3 (Groundball, 6, EV 81.2 MPH)
Batting: RHB Ugo McFalls 0-0: Called Strike
0-1: Ball
1-1: Ball
2-1: Foul Ball, location: 2F
2-2: Ball
3-2: Base on Balls
Batting: RHB Ziggy Shedd 0-0: Called Strike
0-1: Called Strike
0-2: Strikes out swinging
Top of the 9th over - 0 runs, 0 hits, 0 errors, 1 left on base; Mississippi 4 - Tennessee 10
Friday, May 3rd , 2024 - OOTP Baseball 24.11 Build 85